 Dungeon Crawl Stone Soup version 0.30-a0-134-gb40fab5c76 (webtiles) character file.

Game seed: 13265648896548475154

1837 IdlyInterested the Fighter (level 8, -5/71 HPs)
             Began as a Demonspawn Wanderer on Sept 19, 2022.
             Slain by a +1 long sword of chaos (14 damage)
             ... on level 6 of the Dungeon.
             The game lasted 00:23:06 (7522 turns).

IdlyInterested the Fighter (Demonspawn Wanderer)    Turns: 7522, Time: 00:23:06

Health: -5/71      AC: 10    Str: 19    XL:     8   Next: 87%
Magic:  11/11      EV: 16    Int:  9    God:
Gold:   462        SH:  0    Dex: 19    Spells: 11/11 levels left

rFire   . . .      SeeInvis .    a - +1 long sword
rCold   . . .      Faith    .    (no shield)
rNeg    . . .      Spirit   .    x - +0 leather armour {rPois}
rPois   +          Reflect  .    y - +1 hat
rElec   .          Harm     .    A - +1 cloak
rCorr   .          Rampage  .    D - +2 pair of gloves
Will    .....                    r - +0 pair of boots
Stlth   +.........               (no amulet)
HPRegen 0.21/turn                C - +6 ring of strength
MPRegen 0.12/turn                (no ring)

@: confused, lethally poisoned (-5 -> -10), ambrosia-drunk
A: antennae 1, repulsion field 1, powered by death 1
a: no special abilities


You were on level 6 of the Dungeon.
You visited 1 branch of the dungeon, and saw 6 of its levels.

You collected 462 gold pieces.

Inventory:

Hand Weapons
 a - a +1 long sword (weapon)
 c - a +2 short sword of speed
 e - a +0 falchion
 v - a +2 vampiric dagger
 E - a +0 long sword
Missiles
 h - 2 javelins
 j - 25 poisoned darts (quivered)
 B - 3 silver boomerangs
Armour
 f - a +0 pair of gloves of stealth
 i - a +0 scale mail
 m - a +0 ring mail
 n - an orb of energy
 r - a +0 pair of boots (worn)
 s - a +0 chain mail
 x - a +0 leather armour of poison resistance (worn)
 y - a +1 hat (worn)
 A - a +1 cloak (worn)
 D - a +2 pair of gloves (worn)
Jewellery
 C - a +6 ring of strength (left hand)
Scrolls
 b - a scroll of silence
 d - a scroll of blinking
 u - a scroll of immolation
 z - 2 scrolls of teleportation
 F - a scroll of enchant weapon {unknown}
Potions
 k - a potion of mutation {unknown}
 l - a potion of resistance
 o - a potion of experience
 p - 3 potions of lignification
 q - a potion of attraction
 t - a potion of flight {unknown}
 w - a potion of brilliance {unknown}


   Skills:
 - Level 9.0 Fighting
 * Level 4.7 Long Blades
 - Level 2.0 Throwing
 - Level 2.0 Armour
 + Level 4.0 Dodging
 - Level 2.0 Stealth
 - Level 2.0 Spellcasting
 - Level 2.0 Evocations


You had 11 spell levels left.
You didn't know any spells.
Your spell library contained the following spells:

 Spells                   Type           Power      Damage    Failure   Level
 Blink                    Tloc           0%         N/A       52%         2
 Scorch                   Fire           0%         2d5       52%         2
 Sublimation of Blood     Necr           0%         N/A       52%         2
 Flame Wave               Conj/Fire      0%         2d4       98%         4
 Manifold Assault         Tloc           0%         N/A       98%         4
 Petrify                  Tmut/Erth      0%         N/A       98%         4
 Irradiate                Conj/Tmut      0%         3d11      100%        5
 Summon Cactus Giant      Summ           0%         N/A       100%        6
 Storm Form               Tmut/Air       0%         N/A       100%        7


Dungeon Overview and Level Annotations

Branches:
Dungeon (6/15)
 Temple: D:4-7

Altars:
Dithmenos
Hepliaklqana
Makhleb
Qazlal
Sif Muna
Uskayaw
Xom

Annotations:
D:6 LnG's ghost, novice HOFi


Innate Abilities, Weirdness & Mutations

You have a pair of small antennae on your head.
You are surrounded by a mild repulsion field. (EV +2)
You regenerate a little health from kills.


Message History

You finish putting on your +0 scale mail.
You start removing your armour.
You continue taking off your +0 scale mail. x4
You finish taking off your +0 scale mail.
You start putting on your armour.
You continue putting on your +0 chain mail. x5
You finish putting on your +0 chain mail.
Unknown command.
You start removing your armour.
You continue taking off your +0 chain mail. x4
You finish taking off your +0 chain mail.
You start putting on your armour.
You continue putting on your +0 leather armour of poison resistance. x5
You finish putting on your +0 leather armour of poison resistance.
You feel resistant to poison. As you open the door, it creaks loudly!
The +1 long sword of chaos hits you!
You are poisoned.
You closely miss the +1 long sword of chaos.
You feel very sick.
The +1 long sword of chaos closely misses you.
The +1 long sword of chaos hits you but does no damage.
You easily resist.
You barely miss the +1 long sword of chaos.
You feel very sick. The +1 long sword of chaos hits you.
You convulse.
You hit the +1 long sword of chaos.
The +1 long sword of chaos is lightly damaged.
You feel very sick.
The +1 long sword of chaos barely misses you. x2
You slash the +1 long sword of chaos!
The +1 long sword of chaos is moderately damaged.
You feel sick. The +1 long sword of chaos hits you!
The +1 long sword of chaos burns you. The +1 long sword of chaos hits you!
* * * LOW HITPOINT WARNING * * *
You are confused.
You feel invigorated.
You feel sick. The +1 long sword of chaos hits you!
* * * LOW HITPOINT WARNING * * *
The +1 long sword of chaos hits you!
You die...

####### ###..⌠....##
#.....#
#####.##...#.##
#.....#
#..###'#####.#
#.....#
#......'.....#
#.....#
#......#.....#
#.....#
#..##..####'##
#.....#
###..#..#.....#
#.....#
##?#.....#.....######
#....>#
#.W(@....#.....#....#
#.....#
##.#.....#.....#.....
#.....#
###.....####.##.....
#.....#
#..##..##..........
#.....#
#..##..##.........#
#.....#
#......#....##.)..#
#.....#
#......#[...##....#
#.....#
##[.....#....#.....#
#.....#
#...##..##...##....#


You could see a +1 long sword of chaos and LnG's ghost.

Vanquished Creatures
  Menkaure (D:6)
  A steam dragon (D:6)
  Duvessa (D:5)
  2 black bears (D:6)
  An ogre (D:5)
  2 centaurs
  A bullfrog (D:6)
  A kobold brigand (D:6)
  Dowan (D:5)
  3 killer bees (D:6)
  A jelly (D:6)
  8 hounds
  Crazy Yiuf (D:3)
  An orc priest (D:4)
  A gnoll bouda (D:6)
  An iguana (D:5)
  Ijyb (D:3)
  2 orc wizards
  Robin (D:3)
  8 adders
  6 gnolls
  2 white imps
  2 ufetubi
  A worm (D:2)
  3 dart slugs
  11 orcs
  7 ball pythons
  6 bats
  3 endoplasms
  4 giant cockroaches
  12 goblins
  12 hobgoblins
  8 jackals
  7 quokkas
  2 frilled lizards
  13 kobolds
  5 rats
143 creatures vanquished.

Vanquished Creatures (collateral kills)
  A gnoll (D:6)
1 creature vanquished.

Vanquished Creatures (others)
  2 fungi (D:5)
  5 toadstools (D:5)
7 creatures vanquished.

Grand Total: 151 creatures vanquished

Notes
Turn   | Place    | Note
-------+----------+-------------------------------------------
     0 | D:1      | IdlyInterested the Demonspawn Wanderer began the quest for
                  | the Orb.
     0 | D:1      | IdlyInterested set off with the following items: a +1 long
                  | sword, a scroll of silence, a potion of curing, a +0
                  | leather armour.
     0 | D:1      | Reached XP level 1. HP: 18/18 MP: 1/1
   317 | D:1      | Reached skill level 1 in Throwing
   317 | D:1      | Gained mutation: You are surrounded by a mild repulsion
                  | field. (EV +2) [demonic ancestry]
   317 | D:1      | Reached XP level 2. HP: 20/24 MP: 2/2
   486 | D:1      | Reached skill level 1 in Evocations
  1060 | D:2      | Reached XP level 3. HP: 24/29 MP: 3/3
  1707 | D:3      | Reached XP level 4. HP: 35/37 MP: 4/4
  1710 | D:3      | Reached skill level 4 in Fighting
  1711 | D:3      | Noticed Robin
  1730 | D:3      | Killed Robin
  1888 | D:3      | Reached skill level 1 in Spellcasting
  2367 | D:3      | Found a stormy altar of Qazlal.
  2371 | D:3      | Found a burning altar of Makhleb.
  2371 | D:3      | Found a hazy altar of Hepliaklqana.
  2371 | D:3      | Found a shadowy altar of Dithmenos.
  2372 | D:3      | Found a hide-covered altar of Uskayaw.
  2564 | D:4      | Gained mutation: You regenerate a little health from kills.
                  | [demonic ancestry]
  2564 | D:4      | Reached XP level 5. HP: 27/43 MP: 6/6
  2574 | D:4      | Reached skill level 5 in Fighting
  2897 | D:4      | Found a shimmering blue altar of Sif Muna.
  2978 | D:3      | Noticed Ijyb
  2999 | D:3      | Killed Ijyb
  3340 | D:3      | Found a runed translucent door.
  3341 | D:3      | Noticed Crazy Yiuf
  3395 | D:3      | Found a faded altar of an unknown god.
  3520 | D:3      | Killed Crazy Yiuf
  3521 | D:3      | Reached XP level 6. HP: 22/51 MP: 7/7
  4303 | D:5      | Entered Level 5 of the Dungeon
  4464 | D:5      | Reached skill level 6 in Fighting
  4529 | D:5      | Noticed Duvessa
  4541 | D:5      | Noticed Dowan
  4557 | D:5      | Killed Duvessa
  4558 | D:5      | Reached XP level 7. HP: 29/59 MP: 8/8
  4567 | D:5      | Killed Dowan
  4724 | D:5      | Reached skill level 7 in Fighting
  5690 | D:6      | Noticed Menkaure
  5702 | D:6      | Killed Menkaure
  5703 | D:6      | Reached skill level 8 in Fighting
  5719 | D:6      | Gained mutation: You have a pair of small antennae on your
                  | head. [demonic ancestry]
  5719 | D:6      | Reached XP level 8. HP: 48/68 MP: 9/9
  6997 | D:6      | Reached skill level 9 in Fighting
  7217 | D:6      | Found a runed translucent door.
  7217 | D:6      | Found a shimmering altar of Xom.
  7217 | D:6      | Noticed LnG's ghost (novice HOFi)
  7221 | D:6      | Noticed a +1 long sword of chaos
  7522 | D:6      | Slain by a +1 long sword of chaos

Illustrated notes

Levels and vault maps discovered:
D:1:      dpeg_arrival_ternary, layout_rooms, chequers_decorated_corner
D:2:      wad_crossroads, layout_basic
D:3:      layout_loops_ring, lemuel_tele_altar, nicolae_overflow_hidden_temple,
          nicolae_ecumenical_lake_church, uniq_crazy_yiuf_cottage, uniq_ijyb,
          uniq_robin
D:4:      layout_basic, general_overflow_altar, minivault_25, st_stairs_1
D:5:      layout_basic, minmay_gold_behind_fungi, abandoned_shop, uniq_duvessa
D:6:      layout_gridville, ebering_ghost_xom, nicolae_benzene_ring,
          grunt_ministairs_9, uniq_menkaure

Skill      XL: |  1  2  3  4  5  6  7  8 |
---------------+-------------------------+-----
Throwing       | 1 2 |  2.0
Evocations     | 1 2 |  2.0
Dodging        | 2 3 4 |  4.0
Fighting       | 4 5 6 8 9 |  9.0
Spellcasting   | 1 2 |  2.0
Stealth        | 2 |  2.0
Armour         | 2 |  2.0
Long Blades    | 4 |  4.7

Action                   |  1- 3 |  4- 6 |  7- 9 || total
-------------------------+-------+-------+-------++-------
Melee: Long sword        |   121 |   205 |   196 ||   522
       Punch             |     1 |     1 |     8 ||    10
Throw: Javelin           |       |     1 |       ||     1
       Dart              |       |     2 |     5 ||     7
Evoke: Wand              |       |       |     2 ||     2
  Use: Scroll            |     1 |     8 |     3 ||    12
       Potion            |       |     3 |     5 ||     8
 Stab: Sleeping          |       |     7 |     1 ||     8
       Distracted        |       |     2 |       ||     2
       Invisible         |       |       |     2 ||     2
Armor: Leather armour    |     8 |    10 |    73 ||    91
       Ring mail         |    36 |    52 |       ||    88
       Scale mail        |     7 |       |       ||     7
Dodge: Dodged            |   113 |   152 |   244 ||   509

Table legend: (Time is in decaauts)
 A = Elapsed time spent in this place.
 B = Non-inter-level travel time spent in this place.
 C = Inter-level travel time spent in this place.
 D = Time resting spent in this place.
 E = Time spent auto-exploring this place.
 F = Levels seen in this place.
 G = Mean time per level.
                   A        B        C        D        E       F      G
               +--------+--------+--------+--------+--------+-----+--------+
         Total |   7658 |   7029 |    629 |   1494 |   3453 |   6 | 1276.3 |
       Dungeon |   7658 |   7029 |    629 |   1494 |   3453 |   6 | 1276.3 |
               +--------+--------+--------+--------+--------+-----+--------+

Top non-repeatable levels by time:
     D:6: 1897 daAuts
     D:3: 1464 daAuts
     D:5: 1261 daAuts
     D:4: 1120 daAuts
     D:2: 1033 daAuts
     D:1: 880 daAuts
